 Dungeon Crawl Stone Soup version 0.31-a0-728-g01b46875f1 (webtiles) character file.

Game seed: 8358646761334934422

378276 cforsyth the Slayer (level 23, -1/192 HPs)
             Began as a Djinni Chaos Knight on Sept 11, 2023.
             Was the Champion of Hepliaklqana.
             Killed from afar by a moon troll (29 damage)
             ... with a bolt of acid
             ... in a wizard's laboratory on Sept 12, 2023.
             The game lasted 02:20:55 (51014 turns).

cforsyth the Slayer (Djinni Chaos Knight)          Turns: 51014, Time: 02:20:55

Health: -1/192     AC:  4    Str: 11    XL:     23   Next: 90%
Gold:   2729       EV: 26    Int: 22    God:    Hepliaklqana [******] SH: 17 Dex: 16

rFire   + + .        G - staff of cold
rCold   . . .        X - +0 kite shield {reflect}
rNeg    . . .        i - +0 troll leather armour
rPois   ∞            c - +0 helmet {SInv}
rElec   .            W - +2 cloak
rCorr   .            A - +2 pair of gloves
SInv    +            (boots unavailable)
Will    ++...        P - amulet of reflection
Stlth   +            g - +4 ring of protection
HPRegen 1.32/turn    B - +5 ring of evasion
MPRegen 0.00/turn

%: reflection, infuse magic (-2 HP)
@: corroded, flying
A: reduced essence, sickness immunity, fire resistance 2, cold vulnerability 1,
float, innate caster, HP casting, extra vitality 1, deformed body, robust 1,
MP-powered wands
}: 2/15 runes: serpentine, barnacled
a: Renounce Religion, Recall Ancestor, Ancestor Identity, Transference, Idealise


You were in a wizard's laboratory.
You worshipped Hepliaklqana.
Hepliaklqana was exalted by your worship.
You visited 8 branches of the dungeon, and saw 36 of its levels.
You also visited: Sewer, Ossuary, Ice Cave, Volcano and Wizlab.

You collected 5346 gold pieces.
You spent 2617 gold pieces at shops.

Inventory:

Hand Weapons
 r - a +4 dagger of protection
Armour
 c - a +0 helmet of see invisible (worn)
 i - a +0 troll leather armour (worn)
 v - the +0 helmet of Words of Power {Int+4}
   (You found it on level 3 of the Shoals)

   Int+4:     It affects your intelligence (+4).
 A - a +2 pair of gloves (worn)
 E - the orb of Perfidy {light, Slay+3 SInv}
   (You bought it in a shop on level 5 of the Dungeon)

   Slay+3:    It affects your accuracy & damage with ranged weapons and melee
   (+3).
   SInv:      It lets you see invisible.
 I - a +0 helmet of intelligence
 V - the +1 helmet of the Immovable Seas {*Corrode rF++ Will+ Stlth+}
   (You found it in an ice cave)

   rF++:      It greatly protects you from fire.
   Will+:     It increases your willpower.
   *Corrode:  It may corrode you when you take damage.
   Stlth+:    It makes you more stealthy.
 W - a +2 cloak (worn)
 X - a +0 kite shield of reflection (worn)
Magical Staves
 G - a staff of cold (weapon)
Jewellery
 b - a ring of resist corrosion
 d - a ring of positive energy
 g - a +4 ring of protection (left hand)
 B - a +5 ring of evasion (right hand)
 M - a +6 ring of strength
 O - the ring "Maumigoo" {rElec rN+ Will- Slay+3 SInv}
   (You found it in a wizard's laboratory)

   [ring of positive energy]

   Slay+3:    It affects your accuracy & damage with ranged weapons and melee
   (+3).
   rElec:     It insulates you from electricity.
   rN+:       It protects you from negative energy.
   Will-:     It decreases your willpower.
   SInv:      It lets you see invisible.
 P - an amulet of reflection (around neck)
 R - a +5 ring of evasion
 T - the ring "Bidd" {rPois Str+3 Int-4 Dex+6 SInv}
   (You found it on level 5 of the Lair of Beasts)

   [ring of dexterity]

   Str+3:     It affects your strength (+3).
   Int-4:     It affects your intelligence (-4).
   Dex+6:     It affects your dexterity (+6).
   rPois:     It protects you from poison SInv: It lets you see invisible.
Wands
 s - a wand of polymorph (18)
 u - a wand of charming (25)
 z - a wand of light (22)
 D - a wand of roots (45)
 K - a wand of flame (47)
Scrolls
 h - 6 scrolls of fog
 l - 2 scrolls of brand weapon
 m - 6 scrolls of blinking
 o - 6 scrolls of enchant weapon
 q - 2 scrolls of silence
 w - 8 scrolls of teleportation
 y - 5 scrolls of fear
 C - 7 scrolls of enchant armour
 F - 8 scrolls of vulnerability
 J - 2 scrolls of revelation
 L - 4 scrolls of poison
 N - 2 scrolls of torment
 S - 3 scrolls of butterflies
Potions
 a - 8 potions of curing
 e - 9 potions of might
 f - 3 potions of enlightenment
 j - 3 potions of heal wounds
 k - 9 potions of haste
 n - 2 potions of invisibility
 p - 3 potions of cancellation
 t - 7 potions of resistance
 x - 7 potions of brilliance
 H - 7 potions of mutation
 Q - 2 potions of ambrosia
 U - a potion of lignification
 Y - 5 potions of attraction
 Z - 3 potions of berserk rage


   Skills:
 + Level 24.2 Fighting
 - Level 2.6 Long Blades
 - Level 1.0 Armour
 + Level 20.3 Dodging
 - Level 10.0 Shields
 + Level 17.8 Spellcasting
 + Level 17.8 Conjurations
 + Level 17.8 Hexes
 + Level 17.8 Summonings
 + Level 17.8 Necromancy
 + Level 17.8 Translocations
 + Level 17.8 Transmutations
 + Level 17.8 Fire Magic
 + Level 17.8 Ice Magic
 + Level 17.8 Air Magic
 + Level 17.8 Earth Magic
 + Level 17.8 Poison Magic


You knew the following spells:

 Your Spells              Type           Power      Damage    Failure   Level
a - Slow                  Hex            100%       N/A       0%          1
b - Wereblood             Tmut           78%        N/A       0%          2
c - Vampiric Draining     Necr           78%        2d11      1%          3
d - Sticky Flame          Conj/Fire      78%        2d9       1%          4
e - Agony                 Necr           78%        N/A       1%          5
f - Arcjolt               Conj/Air       39%        1d49      1%          5
g - Summon Cactus Giant   Summ           39%        N/A       1%          6
h - Simulacrum            Ice/Necr       49%        N/A       1%          6
i - Ozocubu's Refrigerat  Ice            49%        4d18      5%          7
j - Borgnjor's Revivific  Necr           39%        N/A       41%         8
k - Discord               Hex            39%        N/A       41%         8
Your spell library was empty.

Dungeon Overview and Level Annotations

Branches:
Dungeon (15/15)            Temple (1/1) D:5            Lair (5/5) D:10
 Shoals (4/4) Lair:3        Snake (4/4) Lair:2        Slime (0/5) Lair:5
    Orc (2/2) D:12            Elf (0/3) Orc:2        Vaults (4/5) D:14
  Crypt (1/3) Vaults:3     Depths (0/4) D:15          Sewer (visited)
Ossuary (visited)           IceCv (visited)         Volcano (visited)
 WizLab (1/1)

Altars:
Ashenzari
Cheibriados
Dithmenos
Elyvilon
Fedhas
Gozag
Hepliaklqana
Makhleb
Nemelex Xobeh
Okawaru
Qazlal
Ru
Trog
Uskayaw
Wu Jian
Xom
Yredelemnul
Zin
The Shining One
Jiyva

Shops:
D:5 [[*[(=   D:8 [   D:10 *   D:12 !   D:15 (   Orc:1 =   Orc:2 [([*?
Shoals:2 *   Shoals:3 [   Vaults:1 :   Vaults:3 [

Portals:
Hell: Lair:5

Annotations:
Snake:3 2 transporters, Saojabem's ghost, adept MiBe WizLab 1 transporter


Innate Abilities, Weirdness & Mutations

Your life essence is reduced to manifest your ancestor. (-10% HP)
You are immune to sickness and miasma.
You are immune to poison.
Your flesh is very heat resistant. (rF++)
You are vulnerable to cold. (rC-)
You float through the air rather than walking.
You learn spells naturally, not from books.
Your magical power is your life essence.
You have superior vitality. (+4 MHP)
Armour fits poorly on your strangely shaped body.
You are robust. (+10% HP)
You expend health (3 HP) to strengthen your wands.


Message History

Your cactus giant disappears in a puff of smoke!
The moon troll casts a spell at you. The bolt of acid hits you!!
The acid corrodes you!
Ealdgyð hits the tentacled starspawn with a +0 broad axe of flaming!
Ealdgyð burns the tentacled starspawn.
Ealdgyð hits something with a +0 broad axe of flaming.
Ealdgyð burns something.
The moon troll casts a spell at you. The bolt of acid hits you!!!
* * * LOW HITPOINT WARNING * * *
The acid corrodes you!
Your cactus giant hits the moon troll but does no damage.
The moon troll is struck by your cactus giant's spines.
The moon troll bites your cactus giant!!
The moon troll claws your cactus giant!
The moon troll claws your cactus giant!!
You feel much better.
The moon troll is struck by your cactus giant's spines.
The moon troll bites your cactus giant!!
Your cactus giant is destroyed!
Your cactus giant disappears in a puff of smoke!
Casting: Summon Cactus Giant (mildly dangerous; 1% risk of failure)
Confirm with . or Enter, or press ? or * to list all spells.
* * * LOW HITPOINT WARNING * * *
The moon troll casts a spell at you. The bolt of acid hits you!!
* * * LOW HITPOINT WARNING * * *
Tentacles burst from the starspawn's body!
Ealdgyð barely misses the tentacled starspawn.
Ealdgyð hits the moon troll with a +0 broad axe of flaming.
Ealdgyð burns the moon troll.
Ealdgyð hits the starcursed mass with a +0 broad axe of flaming!
Ealdgyð burns the starcursed mass.
Ealdgyð hits something but does no damage.
The starcursed mass shudders and is absorbed by its neighbour. 2 starspawn tentacles come into view.
You feel much better. The moon troll casts a spell at you.
The bolt of acid hits you!!
You die...

........#..#....##...R.........##
#.......#''#...##.............. #
##.P...##..##..#..R.###...###...
.#######....####wXT## /..R..##...
.Z..#..##.....#.w.## ........##..
##..#..P#.#...#...# ...T..G...#..
.#.##..##....##..##...........##.
.......'..#..#...#....w..X.....#.
.......'..#..#..@#.......X.....#.
.......'..#..#...# #.
.#.##..##....##C.# .. #.
##..#...#.#...#©### #..###
....#..##.....###.## ####[.##.#
.#######....###....## )[|?[##.Z.
## ##..##.......###:©:###..CZ #
#.......##...#######...##
###......###..##.....##..##


You could see the friendly Ealdgyð the knight (reflecting), a moon troll, a
tentacled starspawn (ally target), 2 starspawn tentacles and a friendly cactus
giant (summoned).

Vanquished Creatures
  3 tentacled starspawn (WizLab)
  4 vault wardens
  An ironbound preserver (Vaults:3)
  A starcursed mass (WizLab)
  3 yaktaur captains
  5 centaur warriors
  A hydra (D:13)
  2 merfolk aquamancers
  6 two-headed ogres
  2 boulder beetles
  A naga warrior (Snake:2)
  A naga sharpshooter (Snake:3)
  A shock serpent (Snake:2)
  Urug (D:12)
  A hell knight (Volcano)
  Nergalle (Lair:1)
  2 skysharks (Lair:5)
  A sea snake (Shoals:3)
  A salamander mystic (Volcano)
  4 skeletal warriors
  A glowing orange brain (WizLab)
  3 deep trolls
  A wizard (Lair:5)
  A naga ritualist (Snake:3)
  A lindwurm (Snake:4)
  3 ironbound convokers
  3 mana vipers
  An ugly thing (Vaults:4)
  An orc sorcerer (Orc:2)
  3 manticores
  4 fauns (Shoals:1)
  5 salamanders (Volcano)
  8 black mambas
  Joseph (D:7)
  2 water nymphs
  11 elephants
  A guardian serpent (Snake:4)
  An eye of devastation (WizLab)
  A gargoyle (D:9)
  5 vault sentinels
  A merfolk siren (Shoals:1)
  9 cane toads
  2 unseen horrors (D:11)
  4 rime drakes (Lair:5)
  4 kobold demonologists
  2 komodo dragons
  6 yaktaurs
  5 trolls
  A merfolk (Shoals:1)
  A wind drake (shapeshifter) (D:14)
  Prince Ribbit (Lair:1)
  A tarantella (Vaults:2)
  21 blink frogs
  10 slime creatures
  A vampire (D:11)
  A water elemental (Shoals:1)
  A wraith (D:10)
  A wyvern (D:7)
  A yak (shapeshifter) (D:14)
  Eustachio (D:5)
  29 yaks
  7 fire bats (Volcano)
  3 basilisks
  A vampire mosquito (D:13)
  A steam dragon (D:6)
  4 nagas
  Edmund (D:5)
  3 acid dragons
  14 water moccasins
  4 hell hounds
  3 orc warriors
  A sky beast (D:6)
  2 ice beasts (D:7)
  2 black bears
  10 ogres
  13 wolves
  A boggart (Vaults:1)
  10 centaurs
  A phantom (D:5)
  Blork the orc (D:4)
  4 kobold brigands
  An elf zombie (D:7)
  7 bullfrogs
  2 scorpions
  3 wights (D:9)
  A ballistomycete (D:5)
  2 nameless horrors (D:14)
  8 howler monkeys
  2 lava snakes (Volcano)
  A hound (D:5)
  4 orc priests
  2 gnoll boudas
  3 jellies
  7 iguanas
  An iron imp (D:7)
  2 human skeletons (D:7)
  Natasha (thrice) (D:4)
  14 orc wizards
  A mummy (Ossuary)
  8 adders
  2 river rats (Sewer)
  A white imp (D:6)
  2 ufetubi
  3 worms
  3 dart slugs
  38 orcs
  4 spectral bats (Ossuary)
  3 bats
  2 giant cockroaches
  7 goblins
  4 hobgoblins
  6 jackals
  14 kobolds
  4 quokkas
  5 ball pythons
  8 frilled lizards
  8 gnoll zombies (Ossuary)
  4 goblin simulacra (Ossuary)
  3 goblin zombies (Ossuary)
  6 hobgoblin zombies (Ossuary)
  3 kobold simulacra (Ossuary)
  A kobold zombie (Ossuary)
  3 orc skeletons (D:7)
  4 orc zombies (Ossuary)
  2 rats
  2 rat simulacra (Ossuary)
  2 spectral goblins (Ossuary)
  5 spectral kobolds (Ossuary)
  5 spectral rats (Ossuary)
  3 starspawn tentacles (WizLab)
517 creatures vanquished.

Vanquished Creatures (collateral kills)
  Mara (Snake:3)
  Mennas (Vaults:4)
  Bai Suzhen (Vaults:3)
  Vashnia (Snake:4)
  Jory (Vaults:4)
  The ghost of Fotooss the Impregnable, an adept MiDe of Makhleb (Vaults:1)
  The ghost of Liwna the Slayer, an adept DsGl of Wu Jian (Vaults:1)
  Mlioglotl (Shoals:1)
  Rupert (D:15)
  Zenata (Vaults:3)
  3 sphinxes
  Asterion (Snake:4)
  2 quicksilver dragons (WizLab)
  6 tentacled starspawn (WizLab)
  A kraken (Shoals:1)
  Agnes (Snake:1)
  Roxanne (D:15)
  2 azure jellies (IceCv)
  Aizul (Snake:3)
  Kirke (D:14)
  Ilsuiw (Shoals:2)
  The ghost of Unonal the Cloud Mage, an adept TeAE of Vehumet (Shoals:2)
  Donald (Orc:2)
  The ghost of browni3141 the Unseen, an adept KoAr of Gozag (Shoals:4)
  4 nagarajas
  2 frost giants
  A rockslime (IceCv)
  A deep elf sorcerer (Vaults:4)
  6 vault wardens
  The ghost of Xiotatis the Severer, a journeyman MiBe of Trog (Orc:1)
  3 orc warlords
  A cacodemon (WizLab)
  4 quicksilver oozes (IceCv)
  17 ironbound preservers
  4 stone giants (WizLab)
  3 formless jellyfish
  2 war gargoyles (WizLab)
  The ghost of Pixtaico the Unseen, an adept FeNe of Elyvilon (Vaults:4)
  3 very ugly things (WizLab)
  Nessos (D:12)
  5 ironbound thunderhulks
  Azrael (D:15)
  6 dire elephants
  The ghost of ooooo the Devastator, a journeyman OpCj of Gozag (Lair:5)
  7 merfolk impalers
  6 merfolk javelineers
  2 entropy weavers
  11 great orbs of eyes
  4 crystal guardians
  4 yaktaur captains (Vaults:4)
  Josephine (D:15)
  5 vault guards
  3 peacekeepers
  5 hydras
  5 ogre magi
  A sphinx zombie (Vaults:2)
  6 ironbound frosthearts
  A catoblepas (D:13)
  2 salamander tyrants (Snake:4)
  12 two-headed ogres
  9 centaur warriors
  7 boulder beetles
  3 satyrs
  4 alligator snapping turtles
  17 anacondas
  6 merfolk aquamancers
  7 naga warriors
  11 naga sharpshooters
  8 shock serpents
  A sun demon (Lair:5)
  A skyshark (Shoals:1)
  9 salamander mystics
  5 skeletal warriors
  9 naga ritualists
  A flayed ghost (D:15)
  12 sea snakes
  2 glowing orange brains (WizLab)
  36 deep trolls
  4 wizards
  10 lindwurms
  10 ironbound convokers
  A phantasmal warrior (Vaults:3)
  2 orange crystal statues
  2 tengu zombies
  4 necromancers
  7 orc knights
  3 starcursed masses (WizLab)
  18 mana vipers
  A golden dragon skeleton (D:15)
  13 harpies
  A stone giant zombie (D:15)
  A fire giant zombie (D:15)
  A frost giant zombie (Vaults:3)
  16 ugly things
  13 fauns
  5 cyclopes
  18 manticores
  4 elephants
  A faun (shapeshifter) (Vaults:4)
  11 merfolk sirens
  4 vault sentinels
  A molten gargoyle (Volcano)
  13 salamanders
  39 black mambas
  5 guardian serpents
  15 naga magi
  2 eyes of devastation (WizLab)
  3 orange demons (Lair:5)
  A smoke demon (Lair:5)
  4 cane toads
  2 rime drakes
  A komodo dragon (Lair:5)
  An efreet (D:14)
  12 yaktaurs
  2 red devils (Lair:5)
  3 trolls
  2 polar bears
  36 merfolk
  6 wind drakes
  4 dream sheep (Shoals:4)
  2 blink frogs (Lair:5)
  6 snapping turtles
  A frost giant simulacrum (Vaults:3)
  30 slime creatures
  A spriggan zombie (D:15)
  9 yaks
  11 water elementals
  A wyvern (D:10)
  2 elf simulacra
  2 shadows
  6 wraiths
  4 basilisks
  2 hogs (D:14)
  A golden eye (shapeshifter) (D:14)
  A human (D:7)
  A fire bat (Volcano)
  2 steam dragons (D:10)
  6 golden eyes (WizLab)
  2 redbacks (Vaults:2)
  5 fire elementals (D:15)
  2 vampire mosquitoes (D:13)
  3 neqoxecs (WizLab)
  An acid dragon (D:14)
  A warg (Orc:2)
  25 nagas
  Duvessa (D:5)
  3 hell hounds
  3 nameless horrors
  6 water moccasins
  7 orc warriors
  A deep troll simulacrum (Vaults:2)
  19 ogres
  4 great orb of eyes simulacra (IceCv)
  5 human skeletons
  A centaur (D:13)
  2 wolves
  3 slime creature simulacra (IceCv)
  2 kobold brigands (D:10)
  5 bullfrogs
  6 glowing shapeshifter simulacra (IceCv)
  A human simulacrum (Vaults:2)
  A wight (D:6)
  Dowan (D:5)
  3 howler monkeys
  3 lava snakes (Volcano)
  3 jellies (Lair:5)
  7 orc priests
  A hound (D:5)
  10 orc wizards
  2 adders
  A white imp (Vaults:1)
  25 orcs
  3 endoplasms (Lair:5)
  A bat simulacrum (Ossuary)
  4 gnoll zombies (Ossuary)
  A goblin simulacrum (Ossuary)
  2 goblin zombies (Ossuary)
  2 hobgoblin zombies (Ossuary)
  3 kobolds
  A kobold simulacrum (Ossuary)
  2 spectral weapons
  9 starspawn tentacles (WizLab)
  2 tentacles (Shoals:1)
908 creatures vanquished.

Vanquished Creatures (others)
  2 yaktaur captains (Vaults:2)
  A satyr (Shoals:3)
  An ugly thing (Vaults:4)
  2 yaktaurs
  A centaur simulacrum (D:14)
  5 humans (D:14)
  A naga (Snake:1)
  A centaur zombie (D:5)
  31 knights
  An adder (D:6)
  2 ancestors
  An orc (D:6)
  A kobold (shapeshifter) (Vaults:4)
  2 ballistomycete spores (D:5)
  11 starspawn tentacles (WizLab)
  2 tentacles (Shoals:1)
65 creatures vanquished.

Grand Total: 1490 creatures vanquished

Notes
Turn   | Place    | Note
-------+----------+-------------------------------------------
     0 | D:1      | cforsyth the Djinni Chaos Knight began the quest for the
                  | Orb.
     0 | D:1      | Reached XP level 1. HP: 20/20 MP: 0/0
   142 | D:1      | XOM: divination: magic mapping
   231 | D:1      | Reached XP level 2. HP: 25/25 MP: 0/0
   278 | D:1      | You are sucked into a shaft and drop 1 floor!
   288 | D:2      | XOM: silly message
   759 | D:2      | XOM: butterfly on damage
   812 | D:2      | XOM: silly message
   826 | D:2      | Reached skill level 1 in Spellcasting
   826 | D:2      | Reached skill level 1 in Conjurations
   826 | D:2      | Reached skill level 1 in Hexes
   826 | D:2      | Reached skill level 1 in Summonings
   826 | D:2      | Reached skill level 1 in Necromancy
   826 | D:2      | Reached skill level 1 in Translocations
   826 | D:2      | Reached skill level 1 in Transmutations
   826 | D:2      | Reached skill level 1 in Fire Magic
   826 | D:2      | Reached skill level 1 in Ice Magic
   826 | D:2      | Reached skill level 1 in Air Magic
   826 | D:2      | Reached skill level 1 in Earth Magic
   826 | D:2      | Reached skill level 1 in Poison Magic
   917 | D:2      | Reached XP level 3. HP: 22/30 MP: 0/0
   917 | D:2      | Learned a level 1 spell: Slow
   961 | D:2      | XOM: divination: detect creatures
  1412 | D:3      | Reached XP level 4. HP: 11/37 MP: 0/0
  1853 | D:3      | XOM: scenery: summon butterflies
  2000 | D:3      | XOM: silly message
  2044 | D:3      | XOM: torment (20/37 hp)
  2050 | D:3      | XOM: noise
  2133 | D:4      | Reached skill level 4 in Fighting
  2237 | D:4      | XOM: summons 1 hostile demon
  2324 | D:4      | Reached XP level 5. HP: 17/42 MP: 0/0
  2324 | D:4      | Learned a level 2 spell: Wereblood
  2464 | D:4      | XOM: silly message
  2485 | D:4      | Noticed Natasha
  2493 | D:4      | Killed Natasha
  2600 | D:4      | Noticed Blork the orc
  2604 | D:4      | XOM: smoke on damage
  2608 | D:4      | XOM: chaos upgrade
  2616 | D:4      | Noticed Natasha
  2673 | D:3      | XOM: draining
  2686 | D:3      | XOM: give mutations
  2686 | D:3      | Gained mutation: Your spells are a little easier to cast,
                  | but a little less powerful. [Xom's mischief]
  2686 | D:3      | Gained mutation: You are frail. (-10% HP) [Xom's mischief]
  2811 | D:4      | Killed Natasha
  2925 | D:4      | Reached XP level 6. HP: 31/41 MP: 0/0
  3032 | D:4      | XOM: noise
  3111 | D:5      | Entered Level 5 of the Dungeon
  3119 | D:5      | XOM: noise
  3125 | D:5      | Reached skill level 5 in Fighting
  3127 | D:5      | Noticed Duvessa
  3135 | D:5      | Noticed Dowan
  3136 | D:5      | XOM: cast spell 'Summon Cactus Giant'
  3140 | D:5      | Killed Duvessa
  3141 | D:5      | Reached XP level 7. HP: 39/48 MP: 0/0
  3141 | D:5      | Learned a level 3 spell: Vampiric Draining
  3141 | D:5      | Killed Dowan
  3169 | D:5      | Found a staircase to the Ecumenical Temple.
  3195 | Temple   | Entered the Ecumenical Temple
  3208 | Temple   | Fell from the grace of Xom
  3208 | Temple   | Became a worshipper of Hepliaklqana the Forgotten
  3379 | D:4      | XOM: noise
  3393 | D:4      | XOM: give mutations
  3393 | D:4      | Gained mutation: Your muscles are strong. (Str +4, Int/Dex
                  | -1) [Xom's mischief]
  3393 | D:4      | Gained mutation: You are very vulnerable to cold. (rC--)
                  | [Xom's mischief]
  3447 | D:5      | Reached skill level 6 in Fighting
  3653 | D:5      | XOM: summons 14 hostile demons
  3654 | D:5      | Noticed an ice devil
  3752 | D:6      | Found a glowing drain.
  3769 | Sewer    | Entered a sewer
  3834 | Sewer    | a jackal changed into a glowing shapeshifter
  3834 | Sewer    | Noticed a glowing shapeshifter (glowing shapeshifter)
  3834 | Sewer    | a glowing shapeshifter changed into a moth of wrath
  3834 | Sewer    | Noticed a moth of wrath (glowing shapeshifter)
  3840 | Sewer    | a moth of wrath changed into a shining eye
  3840 | Sewer    | Noticed a shining eye (glowing shapeshifter)
  3844 | Sewer    | Noticed a sea snake
  3845 | Sewer    | a sea snake changed into a steelbarb worm
  3845 | Sewer    | Noticed a steelbarb worm (glowing shapeshifter)
  3994 | Sewer    | XOM: noise
  4022 | Sewer    | Reached XP level 8. HP: 45/55 MP: 0/0
  4025 | Sewer    | Noticed a spark wasp
  4356 | D:5      | Found Isoshib's Weapon Boutique.
  4360 | D:5      | Found Dasuc's General Store.
  4548 | D:3      | XOM: give mutations
  4548 | D:3      | Lost mutation: Your muscles are strong. (Str +4, Int/Dex
                  | -1) [Xom's mischief]
  4548 | D:3      | Lost mutation: You are frail. (-10% HP) [Xom's mischief]
  4656 | D:4      | Reached * piety under Hepliaklqana
  4718 | D:4      | Reached skill level 7 in Fighting
  4733 | D:4      | Noticed Natasha
  4737 | D:4      | Killed Natasha
  4890 | D:4      | XOM: stat loss: -1 Str (10/11)
  4997 | D:4      | XOM: give mutation
  4997 | D:4      | Gained mutation: Potions are less effective at restoring
                  | your health. [Xom's mischief]
  5011 | D:4      | Killed Blork the orc
  5375 | D:5      | Found Fezuzu's Jewellery Shop.
  5375 | D:5      | Found Qoockeurr's Antique Armour Boutique.
  5381 | D:5      | Found Jazure Niew's Armour Boutique.
  5381 | D:5      | Found Saadij's Antique Armour Shop.
  5493 | D:5      | Noticed Edmund
  5550 | D:5      | Reached skill level 5 in Spellcasting
  5550 | D:5      | Reached skill level 5 in Conjurations
  5550 | D:5      | Reached skill level 5 in Hexes
  5550 | D:5      | Reached skill level 5 in Summonings
  5550 | D:5      | Reached skill level 5 in Necromancy
  5550 | D:5      | Reached skill level 5 in Translocations
  5550 | D:5      | Reached skill level 5 in Transmutations
  5550 | D:5      | Reached skill level 5 in Fire Magic
  5550 | D:5      | Reached skill level 5 in Ice Magic
  5550 | D:5      | Reached skill level 5 in Air Magic
  5550 | D:5      | Reached skill level 5 in Earth Magic
  5550 | D:5      | Reached skill level 5 in Poison Magic
  5557 | D:5      | Killed Edmund
  5629 | D:5      | Reached skill level 8 in Fighting
  5629 | D:5      | Reached XP level 9. HP: 49/63 MP: 0/0
  5629 | D:5      | Learned a level 4 spell: Sticky Flame
  5715 | D:5      | Noticed Eustachio
  5875 | D:5      | Killed Eustachio
  6077 | D:6      | Found a shimmering altar of Xom.
  6253 | D:6      | Reached skill level 9 in Fighting
  6278 | D:6      | XOM: summons 14 hostile demons
  6576 | D:6      | XOM: give mutations
  6576 | D:6      | Gained mutation: You have hidden genetic defects. [Xom's
                  | mischief]
  6576 | D:6      | Lost mutation: You have hidden genetic defects. [Xom's
                  | mischief]
  6686 | D:6      | XOM: stat loss: -3 Int (15/18)
  7052 | D:6      | Found a snail-covered altar of Cheibriados.
  7140 | D:6      | XOM: cloud trail
  7853 | D:7      | Reached XP level 10. HP: 68/71 MP: 0/0
  7882 | D:7      | XOM: polymorph white imp -> iron imp
  7997 | D:7      | Found a sand-covered staircase.
  8002 | Ossuary  | Entered an ossuary
  8241 | Ossuary  | XOM: summons 1 hostile demon
  8575 | Ossuary  | XOM: scenery: 5 doors close
  8610 | D:7      | Reached skill level 10 in Fighting
  8777 | D:7      | Found a bloodstained altar of Trog.
  9023 | D:7      | Found a glowing silver altar of Zin.
  9109 | D:7      | Noticed Joseph
  9120 | D:7      | Killed Joseph
  9397 | D:7      | XOM: stat loss: -3 Dex (10/13)
  9423 | D:7      | XOM: polymorph something unseen -> human
  9977 | D:8      | XOM: give mutations
  9977 | D:8      | Gained mutation: Armour fits poorly on your strangely
                  | shaped body. [Xom's mischief]
  9977 | D:8      | Lost mutation: Potions are less effective at restoring your
                  | health. [Xom's mischief]
  9977 | D:8      | Gained mutation: You are agile. (Dex +4, Str/Int -1) [Xom's
                  | mischief]
  9977 | D:8      | Gained mutation: You do not regenerate when monsters are
                  | visible. [Xom's mischief]
 10161 | D:8      | Reached ** piety under Hepliaklqana
 10162 | D:8      | Remembered your ancestor Ealdgyð as a knight
 10196 | D:8      | Found Gethoh's Antique Armour Shop.
 10302 | D:8      | Found an iron altar of Okawaru.
 10475 | D:5      | Bought a smoking orb for 294 gold pieces
 10475 | D:5      | Identified the orb of Perfidy {light, Slay+3 SInv} (You
                  | bought it in a shop on level 5 of the Dungeon)
 10728 | D:9      | XOM: 1-stop teleportation journey
 10728 | D:9      | Was forgiven by Xom
 10748 | D:9      | Reached skill level 11 in Fighting
 10996 | D:9      | Noticed a gargoyle
 11003 | D:9      | Killed a gargoyle
 11415 | D:9      | Found an opulent altar of Gozag.
 11424 | D:9      | Lost mutation: You are agile. (Dex +4, Str/Int -1) [potion
                  | of mutation]
 11424 | D:9      | Lost mutation: You do not regenerate when monsters are
                  | visible. [potion of mutation]
 11424 | D:9      | Lost mutation: Armour fits poorly on your strangely shaped
                  | body. [potion of mutation]
 11479 | D:10     | Entered Level 10 of the Dungeon
 11481 | D:10     | Found a hide-covered altar of Uskayaw.
 11558 | D:10     | Reached XP level 11. HP: 78/78 MP: 0/0
 11558 | D:10     | Learned a level 5 spell: Agony
 11585 | D:10     | Noticed a two-headed ogre
 11597 | D:10     | Killed a two-headed ogre
 11919 | D:10     | Reached skill level 12 in Fighting
 12102 | D:10     | Found a staircase to the Lair.
 12331 | D:10     | Found Ohoust's Assorted Antiques.
 13551 | D:11     | Reached *** piety under Hepliaklqana
 13983 | D:11     | Reached skill level 13 in Fighting
 14063 | D:11     | Noticed a two-headed ogre
 14068 | D:11     | Killed a two-headed ogre
 14105 | D:11     | Reached XP level 12. HP: 77/88 MP: 0/0
 14427 | D:11     | Noticed a two-headed ogre
 14434 | D:11     | Killed a two-headed ogre
 14697 | D:11     | Reached skill level 10 in Spellcasting
 14697 | D:11     | Reached skill level 10 in Conjurations
 14697 | D:11     | Reached skill level 10 in Hexes
 14697 | D:11     | Reached skill level 10 in Summonings
 14697 | D:11     | Reached skill level 10 in Necromancy
 14697 | D:11     | Reached skill level 10 in Translocations
 14697 | D:11     | Reached skill level 10 in Transmutations
 14697 | D:11     | Reached skill level 10 in Fire Magic
 14697 | D:11     | Reached skill level 10 in Ice Magic
 14697 | D:11     | Reached skill level 10 in Air Magic
 14697 | D:11     | Reached skill level 10 in Earth Magic
 14697 | D:11     | Reached skill level 10 in Poison Magic
 15055 | D:12     | Noticed Nessos
 15079 | D:12     | Killed Nessos
 15269 | D:12     | Found a staircase to the Orcish Mines.
 15450 | D:12     | Found Himih's Distillery.
 15465 | D:12     | Lost mutation: Your spells are a little easier to cast, but
                  | a little less powerful. [potion of mutation]
 15465 | D:12     | Lost mutation: You are very vulnerable to cold. (rC--)
                  | [potion of mutation]
 15465 | D:12     | Gained mutation: Your muscles are strong. (Str +4, Int/Dex
                  | -1) [potion of mutation]
 15465 | D:12     | Gained mutation: You expend health (3 HP) to strengthen
                  | your wands. [potion of mutation]
 15465 | D:12     | Gained mutation: You are robust. (+10% HP) [potion of
                  | mutation]
 15632 | D:12     | Reached skill level 14 in Fighting
 15881 | D:12     | Noticed Urug
 15899 | D:12     | Killed Urug
 16207 | D:13     | Noticed an eight-headed hydra
 16208 | D:13     | Noticed a catoblepas
 16512 | Lair:1   | Entered Level 1 of the Lair of Beasts
 16524 | D:10     | Reached skill level 5 in Dodging
 16594 | Lair:1   | Found a dark tunnel.
 16616 | Volcano  | Entered a volcano
 16798 | Volcano  | Reached XP level 13. HP: 83/106 MP: 0/0
 16798 | Volcano  | Learned a level 5 spell: Arcjolt
 16886 | Volcano  | Found a burning altar of Makhleb.
 17212 | Lair:1   | Noticed Prince Ribbit
 17219 | Lair:1   | Killed Prince Ribbit
 17312 | Lair:1   | Found a stormy altar of Qazlal.
 17356 | Lair:1   | Noticed Nergalle
 17371 | Lair:2   | Reached **** piety under Hepliaklqana
 17488 | Lair:1   | Killed Nergalle
 17489 | Lair:1   | Reached skill level 15 in Fighting
 18341 | Lair:2   | Noticed a five-headed hydra
 18347 | Lair:2   | Killed a five-headed hydra
 18683 | Lair:2   | Found a staircase to the Snake Pit.
 19062 | Lair:2   | Reached XP level 14. HP: 110/114 MP: 0/0
 19407 | Lair:3   | Found a staircase to the Shoals.
 19490 | Lair:3   | Reached ***** piety under Hepliaklqana
 20008 | Lair:4   | Reached skill level 10 in Dodging
 20172 | Lair:4   | Reached skill level 16 in Fighting
 21077 | Lair:5   | Entered Level 5 of the Lair of Beasts
 21812 | Lair:5   | Found a runed translucent door.
 21812 | Lair:5   | Found a viscous altar of Jiyva.
 21813 | Lair:5   | Found a staircase to the Slime Pits.
 21918 | Lair:5   | Found a runed translucent door.
 21929 | Lair:5   | Noticed ooooo's ghost (journeyman OpCj)
 22060 | Lair:5   | Identified the ring "Bidd" {rPois Str+3 Int-4 Dex+6 SInv}
 22248 | Lair:5   | Found a burning altar of Makhleb.
 22251 | Lair:5   | HP: 2/117 [sun demon (5)]
 22428 | Lair:5   | Reached XP level 15. HP: 109/123 MP: 0/0
 22428 | Lair:5   | Learned a level 6 spell: Summon Cactus Giant
 22607 | Lair:5   | Found a gateway to Hell.
 22725 | Lair:5   | Killed ooooo's ghost
 22735 | Lair:5   | Identified the +7 shortbow of the Beginning {drain, rF+}
 22966 | Orc:1    | Entered Level 1 of the Orcish Mines
 22976 | Orc:1    | Found Vonargh's Jewellery Boutique.
 22994 | Orc:1    | Reached skill level 17 in Fighting
 23216 | Orc:1    | Found a runed translucent door.
 23216 | Orc:1    | Noticed Xiotatis's ghost (journeyman MiBe)
 23550 | Orc:1    | Killed Xiotatis's ghost
 23582 | Orc:2    | Entered Level 2 of the Orcish Mines
 23593 | Orc:2    | Found a staircase to the Elven Halls.
 24127 | Orc:2    | Found Caywnucw's Antique Armour Boutique.
 24234 | Orc:2    | Bought a runed cloak for 270 gold pieces
 24338 | Orc:2    | Found Kifack's Weapon Shop.
 24338 | Orc:2    | Found Xickesoc's Antique Armour Shoppe.
 25242 | Orc:2    | Found Gaduos's Assorted Antiques.
 25242 | Orc:2    | Found Ocunel's Magic Scroll Boutique.
 25255 | Orc:2    | Bought a runed helmet for 285 gold pieces
 25273 | Orc:2    | Bought a scroll of acquirement for 884 gold pieces
 25273 | Orc:2    | Acquired 569 gold pieces
 25276 | Orc:2    | Bought a scroll of acquirement for 884 gold pieces
 25276 | Orc:2    | Acquired 744 gold pieces
 25324 | Orc:2    | Noticed Donald
 25331 | Orc:2    | Killed Donald
 25657 | D:13     | Reached skill level 1 in Shields
 26225 | D:13     | Reached XP level 16. HP: 123/132 MP: 0/0
 26261 | D:13     | Found a shadowy altar of Dithmenos.
 26792 | D:14     | Reached ****** piety under Hepliaklqana
 27017 | D:14     | Reached skill level 18 in Fighting
 27467 | D:14     | Reached skill level 5 in Shields
 27491 | D:14     | Noticed Kirke
 27497 | D:14     | Noticed a sphinx
 27509 | D:14     | Killed Kirke
 27580 | D:14     | Found a gate to the Vaults.
 28085 | D:15     | Entered Level 15 of the Dungeon
 28115 | D:15     | Found a staircase to the Depths.
 28241 | D:15     | Noticed Azrael
 28276 | D:15     | Killed Azrael
 28385 | D:15     | Noticed Josephine
 28391 | D:15     | Killed Josephine
 28457 | D:15     | Identified the +0 chain mail "Lamoseos" {rPois Regen+}
 28570 | D:15     | Noticed Rupert
 28578 | D:15     | Killed Rupert
 28703 | D:15     | Found a transporter.
 28705 | D:15     | Found Ippe's Weapon Shoppe.
 29097 | D:15     | Found a transporter.
 29269 | D:15     | Noticed Roxanne
 29306 | D:15     | Killed Roxanne
 29868 | Snake:1  | Entered Level 1 of the Snake Pit
 29962 | Snake:1  | Reached XP level 17. HP: 78/139 MP: 0/0
 29962 | Snake:1  | Learned a level 6 spell: Simulacrum
 30151 | Snake:1  | Reached skill level 19 in Fighting
 30163 | Snake:1  | Found an iron altar of Okawaru.
 30344 | Snake:1  | Noticed Agnes
 30355 | Snake:1  | Killed Agnes
 31413 | Snake:2  | Identified the +7 morningstar of Xom, Burning {freeze, rF+}
 31556 | Snake:2  | HP: 7/141 [naga sharpshooter/arrow (15)]
 32376 | Snake:3  | Found a transporter.
 32581 | Snake:3  | Noticed Saojabem's ghost (adept MiBe)
 32928 | Snake:3  | Found a transporter.
 32983 | Snake:3  | Reached skill level 10 in Shields
 32983 | Snake:3  | Reached XP level 18. HP: 142/149 MP: 0/0
 33086 | Snake:3  | Noticed Aizul
 33093 | Snake:3  | Killed Aizul
 33094 | Snake:3  | Reached skill level 20 in Fighting
 33932 | Snake:4  | Entered Level 4 of the Snake Pit
 34012 | Snake:4  | Noticed Vashnia
 34012 | Snake:4  | Noticed Asterion
 34293 | Snake:4  | Noticed Mara
 34429 | Snake:3  | Noticed cforsyth's illusion
 34531 | Snake:3  | Killed Mara
 34884 | Snake:4  | Killed Asterion
 35488 | Snake:4  | Reached XP level 19. HP: 117/157 MP: 0/0
 35488 | Snake:4  | Learned a level 7 spell: Ozocubu's Refrigeration
 35648 | Snake:4  | Got a serpentine rune of Zot
 35836 | Snake:4  | Killed Vashnia
 36105 | Shoals:1 | Entered Level 1 of the Shoals
 36124 | Shoals:1 | Reached skill level 21 in Fighting
 36241 | Shoals:1 | Lost mutation: Your muscles are strong. (Str +4, Int/Dex
                  | -1) [mutagenic glow]
 36376 | Shoals:1 | Reached skill level 15 in Dodging
 36546 | Shoals:1 | Noticed Mlioglotl
 36555 | Shoals:1 | Killed Mlioglotl
 36678 | Shoals:1 | Reached skill level 15 in Spellcasting
 36678 | Shoals:1 | Reached skill level 15 in Conjurations
 36678 | Shoals:1 | Reached skill level 15 in Hexes
 36678 | Shoals:1 | Reached skill level 15 in Summonings
 36678 | Shoals:1 | Reached skill level 15 in Necromancy
 36678 | Shoals:1 | Reached skill level 15 in Translocations
 36678 | Shoals:1 | Reached skill level 15 in Transmutations
 36678 | Shoals:1 | Reached skill level 15 in Fire Magic
 36678 | Shoals:1 | Reached skill level 15 in Ice Magic
 36678 | Shoals:1 | Reached skill level 15 in Air Magic
 36678 | Shoals:1 | Reached skill level 15 in Earth Magic
 36678 | Shoals:1 | Reached skill level 15 in Poison Magic
 37094 | Shoals:2 | Noticed Ilsuiw
 37127 | Shoals:2 | Found Wehick's Assorted Antiques.
 37139 | Shoals:2 | Killed Ilsuiw
 37153 | Shoals:2 | Found a frozen archway.
 37169 | IceCv    | Entered an ice cave
 37339 | IceCv    | Found a viscous altar of Jiyva.
 37522 | IceCv    | Identified the +1 ice dragon scales "Pavit Ciu" {Rampage
                  | rF- rC++}
 37523 | IceCv    | Identified the +1 leather armour "Utreapt" {rN+}
 38186 | IceCv    | Identified the +1 helmet of the Immovable Seas {*Corrode
                  | rF++ Will+ Stlth+}
 39392 | Shoals:3 | Found Ywnox's Armour Emporium.
 39529 | Shoals:3 | Found a runed translucent gate.
 39529 | Shoals:3 | Found a runed translucent gate.
 39530 | Shoals:3 | Found a runed translucent gate.
 39530 | Shoals:3 | Noticed Unonal's ghost (adept TeAE)
 39850 | Shoals:3 | Reached XP level 20. HP: 143/166 MP: 0/0
 40317 | Shoals:2 | Killed Unonal's ghost
 40899 | Shoals:3 | Reached XP level 21. HP: 173/173 MP: 0/0
 40899 | Shoals:3 | Learned a level 8 spell: Borgnjor's Revivification
 40901 | Shoals:3 | Identified the +0 helmet of Words of Power {Int+4}
 40997 | Shoals:4 | Entered Level 4 of the Shoals
 41029 | Shoals:4 | Identified the +9 halberd of Ynkev {freeze, rC+}
 41100 | Shoals:4 | Reached skill level 22 in Fighting
 41367 | Shoals:4 | Found a runed translucent gate.
 41367 | Shoals:4 | Found a runed translucent gate.
 41367 | Shoals:4 | Found a runed translucent gate.
 41367 | Shoals:4 | Noticed browni3141's ghost (adept KoAr)
 41500 | Shoals:4 | Got a barnacled rune of Zot
 42313 | Shoals:4 | Killed browni3141's ghost
 42617 | Vaults:1 | Entered Level 1 of the Vaults
 43340 | Vaults:1 | Found Ityb's Book Shoppe.
 43395 | Vaults:1 | Found a large runed translucent door.
 43395 | Vaults:1 | Found a large runed translucent door.
 43395 | Vaults:1 | Noticed Fotooss's ghost (adept MiDe)
 43395 | Vaults:1 | Noticed Liwna's ghost (adept DsGl)
 44176 | Vaults:1 | Killed Fotooss's ghost
 44202 | Vaults:1 | Killed Liwna's ghost
 44350 | Vaults:2 | Reached XP level 22. HP: 159/182 MP: 0/0
 45364 | Vaults:2 | Reached skill level 23 in Fighting
 46122 | Vaults:3 | Noticed Zenata
 46136 | Vaults:3 | Killed Zenata
 46372 | Vaults:3 | Found Geugg's Antique Armour Shoppe.
 47056 | Vaults:3 | Noticed Bai Suzhen
 47072 | Vaults:3 | Killed Bai Suzhen
 47573 | Vaults:3 | Found a staircase to the Crypt.
 47573 | Vaults:3 | Found a basalt altar of Yredelemnul.
 47767 | Vaults:4 | Reached XP level 23. HP: 176/190 MP: 0/0
 47767 | Vaults:4 | Learned a level 8 spell: Discord
 47861 | Vaults:4 | Noticed Mennas
 47874 | Vaults:4 | Noticed Jory
 47989 | Vaults:4 | Killed Mennas
 48095 | Vaults:4 | Killed Jory
 48316 | Vaults:4 | Found a runed translucent door.
 48612 | Vaults:4 | Paralysed by a great orb of eyes for 4 turns
 49377 | Vaults:4 | Noticed Pixtaico's ghost (adept FeNe)
 49781 | Vaults:4 | Killed Pixtaico's ghost
 49867 | Crypt:1  | Entered Level 1 of the Crypt
 49881 | Crypt:1  | Found a magical portal.
 49890 | WizLab   | Entered Lehudib's Moon Base
 49946 | WizLab   | Found a transporter.
 50070 | WizLab   | Reached skill level 24 in Fighting
 50231 | WizLab   | Identified the ring "Maumigoo" {rElec rN+ Will- Slay+3
                  | SInv}
 50570 | WizLab   | Found a transporter.
 50614 | WizLab   | Gained mutation: Armour fits poorly on your strangely
                  | shaped body. [a neqoxec]
 51013 | WizLab   | HP: 6/192 [moon troll/bolt of acid (28)]
 51014 | WizLab   | Killed from afar by a moon troll

Illustrated notes

Levels and vault maps discovered:
D:1:      tarquinn_simple_flora_water_f, layout_basic
D:2:      layout_basic, minmay_hedge_maze
D:3:      layout_basic
D:4:      layout_cave_pools, minmay_lizard_king, uniq_blork_the_orc,
          uniq_natasha
D:5:      minmay_diamond_boxcup, layout_basic, minmay_temple_entry_statues,
          nicolae_shop_national_dungeon_mall, uniq_eustachio, uniq_edmund,
          uniq_duvessa
D:6:      layout_cave_pods, kennysheep_slug_shrine, xom_confusion_cloud,
          cheibrodos_sewer_entry_sluice, minmay_misc_feat_secret_circle
D:7:      layout_rooms, old_standard_altar, lemuel_doored_altar,
          mainiacjoe_overflow_alcove_1, nicolae_ossuary_entry_catacombs,
          uniq_joseph
D:8:      layout_basic, lemuel_coloured_pillars_altar, serial_shops, shop,
          minivault_19
D:9:      layout_roguey, mainiacjoe_overflow_alcove_2, hex_large,
          dreamdust_gnoll_shepherd
D:10:     layout_long_grid, mainiacjoe_overflow_tiny_flanked,
          minmay_lair_entry_grove, serial_shops, shop, kennysheep_nondescript,
          feat_on_display
D:11:     layout_stronghold
D:12:     layout_basic, orc_0_dummy, serial_shops,
          nicolae_shop_advertising_works [nicolae_subvault_shop_adworks],
          nicolae_sif_muna_condensation, uniq_nessos, uniq_urug
D:13:     layout_grid_maze, grunt_dithmenos_smoke_and_mirrors
D:14:     layout_loops_corners, lightli_vaults_fourway_checkpoint, uniq_kirke
D:15:     gammafunk_depths_entry_grave, layout_stronghold, serial_shops,
          nicolae_shop_drivethru, uniq_josephine, uniq_rupert, uniq_azrael,
          uniq_roxanne
Temple:   nicolae_temple_great_sept
Lair:1:   layout_cave_pods, basic_altar, enter_volcano_3, columned_hall_lemuel,
          st_stairs_7, uniq_prince_ribbit2, uniq_nergalle
Lair:2:   layout_long_grid, nicolae_snake_entry_squirm, lemuel_fruit_tree
Lair:3:   layout_cellular_growth, minmay_shoals_entry_centaurs
Lair:4:   layout_layer_cave
Lair:5:   evil_forest, layout_long_grid, slime_entry_2,
          ebering_ghost_reflecting_pool
Shoals:1: layout_shoals, uniq_mlioglotl
Shoals:2: layout_shoals, serial_shops, shop, portal_ice_cave_entry_pillars_2,
          nicolae_shoals_water_booths, uniq_ilsuiw
Shoals:3: layout_shoals, gammafunk_ghost_tricky_traps, serial_shops,
          nicolae_shop_waterfront
Shoals:4: shoals_end_simple, layout_shoals, ebering_ghost_rock_garden
Snake:1:  layout_chambers, basic_altar, uniq_agnes
Snake:2:  cheibrodos_forgotten_conduit, layout_onion
Snake:3:  layout_chambers, gammafunk_ghost_berserking_beasts, uniq_aizul
Snake:4:  snake_pit_salamanders_mu, layout_cave_town, uniq_asterion,
          uniq_vashnia, uniq_mara
Orc:1:    layout_caves, hellmonk_ghost_happy_afterlife,
          minmay_shop_enchanted_jewellery, guppyfry_library_mini
Orc:2:    st_orc_ogre_mass, layout_diamond_mine, special_room, serial_shops,
          nicolae_shop_trees, uniq_donald
Vaults:1: advil_vaults_ghost_guards, v_rooms_6, v_rooms_6,
          nicolae_vaults_little_squares_5, nicolae_vaults_wrenched,
          nicolae_vaults_what_the_h, serial_ice_g, nicolae_vaults_wine_cellar,
          nicolae_vaults_octothorpe, vaults_dpeg_hooks, layout_vaults_omnigrid,
          serial_shops, nicolae_shop_waterfront
Vaults:2: v_misc_27, v_misc_3, nicolae_vaults_network_periphery,
          hangedman_vaults_river_flow, nicolae_vaults_apartment_2,
          nicolae_vaults_closet_pinwheel_6, v_misc_26,
          ontoclasm_vaults_shuriken, nicolae_vaults_an_arrangement,
          ontoclasm_vaults_claustrophobia, layout_vaults_ring
Vaults:3: nicolae_vaults_diamond_2, nicolae_vaults_little_guard_posts,
          vaults_room_ringed_pool, minmay_crypt_entry_necro_gods,
          nicolae_vaults_three_branches, v_alt_pattern_3,
          hangedman_vaults_stretched_pinwheel, nicolae_vaults_rhombus_5,
          v_misc_27, nicolae_vaults_hallways_thing, nicolae_vaults_big_ls,
          nicolae_vaults_border_crossing, layout_vaults_omnicross, serial_shops,
          shop, uniq_bai_suzhen, uniq_zenata
Vaults:4: ebering_ghost_inner_flame, nicolae_vaults_security_offices_2,
          v_rooms_2, nicolae_vaults_layer_cake_slice,
          nicolae_vaults_network_barrier,
          vaults_standard_mumra_enter_the_diamond, v_misc_13,
          nicolae_vaults_trapezoid_4, v_alt_pattern_4,
          nicolae_vaults_sightless_eye, nicolae_vaults_variable_pillar_hall,
          hangedman_vaults_slice, ontoclasm_vaults_gateway, vaults_dpeg_cross,
          layout_vaults_chaotic_city, uniq_jory, uniq_mennas
Crypt:1:  layout_gridlike, mu_enter_wizlab_4, special_room
          [special_room_morgue], hellmonk_ghost_big_iron, lemuel_freeze_loot_1
WizLab:   wizlab_lehudib

Skill      XL: |  1  2  3  4  5  6  7  8  9 10 11 12 13 14 15 16 17 18 19 20 21 22 23 |
---------------+----------------------------------------------------------------------+-----
Spellcasting   | 1 2 3 4 5 6 8 9 10 11 12 13 14 15 16 17 | 17.8
Conjurations   | 1 2 3 4 5 6 8 9 10 11 12 13 14 15 16 17 | 17.8
Hexes          | 1 2 3 4 5 6 8 9 10 11 12 13 14 15 16 17 | 17.8
Summonings     | 1 2 3 4 5 6 8 9 10 11 12 13 14 15 16 17 | 17.8
Necromancy     | 1 2 3 4 5 6 8 9 10 11 12 13 14 15 16 17 | 17.8
Translocations | 1 2 3 4 5 6 8 9 10 11 12 13 14 15 16 17 | 17.8
Transmutations | 1 2 3 4 5 6 8 9 10 11 12 13 14 15 16 17 | 17.8
Fire Magic     | 1 2 3 4 5 6 8 9 10 11 12 13 14 15 16 17 | 17.8
Ice Magic      | 1 2 3 4 5 6 8 9 10 11 12 13 14 15 16 17 | 17.8
Air Magic      | 1 2 3 4 5 6 8 9 10 11 12 13 14 15 16 17 | 17.8
Earth Magic    | 1 2 3 4 5 6 8 9 10 11 12 13 14 15 16 17 | 17.8
Poison Magic   | 1 2 3 4 5 6 8 9 10 11 12 13 14 15 16 17 | 17.8
Fighting       | 4 5 6 8 9 11 13 14 15 16 17 18 19 20 21 22 23 24 | 24.2
Dodging        | 6 9 11 13 14 16 17 19 20 | 20.3
Shields        | 2 7 10 | 10.0
Long Blades    | |  2.6
Armour         | |  1.0

Action                     |  1- 3 |  4- 6 |  7- 9 | 10-12 | 13-15 | 16-18 | 19-21 | 22-24 || total
---------------------------+-------+-------+-------+-------+-------+-------+-------+-------++-------
  Melee: Falchion          |    88 |    75 |       |       |       |       |       |       ||   163
         Punch             |     1 |     3 |     1 |     6 |       |       |       |       ||    11
         Dagger            |       |    26 |   264 |   494 |       |       |       |       ||   784
         Staff             |       |       |       |    88 |   223 |   131 |    38 |    86 ||   566
   Cast: Slow              |       |    15 |    24 |    15 |       |     1 |       |       ||    55
         Vampiric Draining |       |       |    36 |       |       |       |       |       ||    36
         Sticky Flame      |       |       |    20 |    85 |   112 |    59 |     2 |       ||   278
         Agony             |       |       |       |     2 |    18 |     9 |       |       ||    29
         Arcjolt           |       |       |       |       |   117 |       |       |       ||   117
         Summon Cactus Gia |       |       |       |       |    33 |    99 |   100 |    91 ||   323
         Simulacrum        |       |       |       |       |       |   181 |   174 |   143 ||   498
         Ozocubu's Refrige |       |       |       |       |       |       |    22 |    74 ||    96
         Wereblood         |       |       |       |       |       |       |     1 |       ||     1
         Discord           |       |       |       |       |       |       |       |     1 ||     1
 Invoke: Recall Ancestor   |       |       |       |     7 |     4 |    10 |     3 |       ||    24
         Ancestor Life: Kn |       |       |       |     1 |       |       |       |       ||     1
  Evoke: Wand              |       |       |       |       |       |       |     3 |       ||     3
    Use: Scroll            |       |    10 |     8 |     6 |    11 |     5 |     6 |     1 ||    47
         Potion            |       |       |       |     3 |     1 |       |     2 |     6 ||    12
   Stab: Paralysed         |       |     2 |       |       |       |       |       |       ||     2
         Distracted        |       |       |       |     2 |     5 |     3 |       |       ||    10
 Armour: Leather armour    |    66 |    62 |   250 |   406 |       |       |       |       ||   784
         Troll leather arm |       |       |       |   120 |   314 |   220 |   130 |    95 ||   879
  Dodge: Dodged            |    70 |    49 |   202 |   642 |   587 |   288 |   186 |   140 ||  2164
  Block: Orb               |       |       |       |       |    17 |    64 |       |       ||    81
         Reflection        |       |       |       |       |       |    33 |    53 |    21 ||   107
         Kite shield       |       |       |       |       |       |   100 |   188 |   132 ||   420

Table legend: (Time is in decaauts)
 A = Elapsed time spent in this place.
 B = Non-inter-level travel time spent in this place.
 C = Inter-level travel time spent in this place.
 D = Time resting spent in this place.
 E = Time spent auto-exploring this place.
 F = Levels seen in this place.
 G = Mean time per level.
                   A        B        C        D        E       F      G
               +--------+--------+--------+--------+--------+-----+--------+
         Total |  51188 |  48343 |   2845 |   7657 |  29800 |  41 | 1248.5 |
       Dungeon |  20060 |  18388 |   1672 |   2577 |  12268 |  15 | 1337.3 |
        Temple |     24 |     13 |     11 |      0 |      0 |   1 |   24.0 |
          Lair |   6069 |   5609 |    460 |    674 |   3898 |   5 | 1213.8 |
        Shoals |   5244 |   5058 |    186 |   1027 |   2905 |   4 | 1311.0 |
     Snake Pit |   6222 |   6040 |    182 |   1075 |   3207 |   4 | 1555.5 |
  Orcish Mines |   2677 |   2591 |     86 |   1273 |    883 |   2 | 1338.5 |
        Vaults |   7265 |   7020 |    245 |    343 |   5097 |   4 | 1816.2 |
         Crypt |     23 |     23 |      0 |      0 |      0 |   1 |   23.0 |
         Sewer |    258 |    258 |      0 |     16 |    135 |   1 |  258.0 |
       Ossuary |    580 |    580 |      0 |     19 |    351 |   1 |  580.0 |
      Ice Cave |   1060 |   1060 |      0 |    564 |    101 |   1 | 1060.0 |
       Volcano |    576 |    576 |      0 |     87 |    253 |   1 |  576.0 |
        Wizlab |   1125 |   1125 |      0 |      2 |    702 |   1 | 1125.0 |
               +--------+--------+--------+--------+--------+-----+--------+

Top non-repeatable levels by time:
Vaults:4: 2168 daAuts
     D:5: 2106 daAuts
 Snake:3: 2000 daAuts
 Snake:1: 1806 daAuts
Vaults:1: 1791 daAuts
   Orc:1: 1762 daAuts
Vaults:2: 1675 daAuts
    D:12: 1637 daAuts
     D:7: 1631 daAuts
Vaults:3: 1630 daAuts
    D:15: 1578 daAuts
    D:11: 1572 daAuts
Shoals:3: 1544 daAuts
     D:4: 1524 daAuts
    D:10: 1517 daAuts
